cohdb
Replays
Latest Replays
All Replays
Popular Replays
Top Player Replays
Match Explorer
How It Works
Community
CoH3 Stats
Reddit
Sign in to upload your games and track your stats! →
Sign in with Steam
Match 41213628
Unlisted
Match 41213628
Overview
Messages
Build Orders
End
Selects Mechanized Battlegroup
Construct Infanterie Kompanie
Kettenkrad Recon Vehicle
MG 42 Machine Gun Team
GrW 34 Mortar Team
Grenadier Squad
Grenadier Squad
Infanterie Officer Quarters
Medical Station
Selects Mobile Repair Stations
Construct Panzergrenadier Kompanie
Panzergrenadier Squad
Pak 40 Anti-tank Gun Team
Support Elements
Nebelwerfer 42 Rocket Launcher Team
Selects Raid Package
Construct Panzer Kompanie
Brock
Patrol FORCE
ŘūέЪłĩ-360
CiscoCrisco
118BPM
Geoker81
ryper59
☜☢Uddes☢☞
0
0
Comments
sign in to comment!
No comments posted yet!